cohdb
Replays
Latest Replays
All Replays
Popular Replays
Top Player Replays
Match Explorer
How It Works
Community
CoH3 Stats
Reddit
Sign in to upload your games and track your stats! →
Sign in with Steam
Match 40806525
Unlisted
Match 40806525
Overview
Messages
Build Orders
End
Construct Infanterie Kompanie
Kettenkrad Recon Vehicle
Selects Mechanized Battlegroup
MG 42 Machine Gun Team
Grenadier Squad
GrW 34 Mortar Team
Construct Panzergrenadier Kompanie
Selects Mobile Repair Stations
251 Medium Carrier
251 Medium Carrier
Pak 40 Anti-tank Gun Team
Panzergrenadier Squad
Selects Wespe Self-propelled Artillery
Panzergrenadier Squad
Pak 40 Anti-tank Gun Team
Pak 40 Anti-tank Gun Team
Zippi
dbswo0927
DaRtH VaDeRX2020
[PCI] Budha
カルト_くん
Gonta
Monkey CPU
aion907(ROK)
0
0
Comments
sign in to comment!
No comments posted yet!